 Dungeon Sprint DCSS version 0.28-a0-465-ge2dae52223 (webtiles) character file.

Game seed: 14050110112988294779

2189 MikeHunt the Fighter (level 9, -6/78 HPs)
             Began as a Demonspawn Earth Elementalist on Sept 14, 2021.
             Was an Elder of Sif Muna.
             Mangled by a sixfirhy (9 damage)
             ... summoned by an orc high priest
             ... in the Dungeon (Sprint III: "The Ten Rune Challenge").
             The game lasted 00:05:32 (1250 turns).

MikeHunt the Fighter (DsEE)                         Turns: 1250, Time: 00:05:33

Health: -6/78      AC:  5    Str:  8    XL:     9   Next: 12%
Magic:  13/19      EV: 16    Int: 20    God:    Sif Muna [****..]
Gold:   47         SH:  0    Dex: 14    Spells: 16/22 levels left

rFire   . . .      SeeInvis .   a - +2 quarterstaff (chaos)
rCold   . . .      Faith    .   (shield currently unavailable)
rNeg    . . .      Spirit   .   b - +0 robe
rPois   .          Reflect  .   (no helmet)
rElec   .          Harm     .   j - +0 cloak
rCorr   .          Rampage  .   (no gloves)
Will    .....      NoTele   +   (no boots)
Stlth   ++........              (no amulet)
HPRegen 0.23/turn               (no ring)
MPRegen 0.16/turn               (no ring)

@: channelling
A: hooves 1, icy blue scales 1, powered by death 1
a: Renounce Religion, Channel Magic, Forget Spell, Divine Exegesis


You were in the Dungeon.
You worshipped Sif Muna.
Sif Muna was greatly pleased with you.
You visited 1 branch You collected 47 gold pieces.

Inventory:

Hand Weapons
 a - a +2 quarterstaff of chaos (weapon)
Missiles
 i - 18 stones
Armour
 b - a +0 robe (worn)
 j - a +0 cloak (worn)
Scrolls
 h - a scroll of blinking
 k - 2 scrolls of torment
 l - a scroll of identify
Potions
 c - 2 potions of curing
 d - a potion of heal wounds
 e - a potion of haste
 f - 2 potions of magic
 g - a potion of berserk rage
 m - a potion of flight {unknown}
 n - 7 potions of mutation
 o - 2 potions of attraction
Miscellaneous
 p - a phantom mirror


   Skills:
 - Level 10.0 Fighting
 - Level 10.0 Dodging
 - Level 1.7 Stealth
 + Level 7.0 Spellcasting
 - Level 7.0 Conjurations
 - Level 5.0 Translocations
 - Level 0.8 Transmutations
 - Level 7.0 Earth Magic
 + Level 8.0 Invocations


You had 16 spell levels left.
You knew the following spells:

 Your Spells              Type           Power      Damage    Failure   Level
a - Sandblast             Erth           70%        2d15      1%          1
q - Blink                 Tloc           N/A        N/A       1%          2
r - Stone Arrow           Conj/Erth      70%        3d11      1%          3

Your spell library contained the following spells:

 Spells                   Type           Power      Damage    Failure   Level
 Passwall                 Tmut/Erth      18%        N/A       2%          2
 Lesser Beckoning         Tloc           27%        N/A       3%          3
 Beastly Appendage        Tmut           20%        N/A       7%          1
 Wereblood                Tmut           10%        N/A       10%         2
 Petrify                  Tmut/Erth      22%        N/A       19%         4
 Spider Form              Tmut/Pois      4%         N/A       24%         3
 Manifold Assault         Tloc           27%        N/A       32%         5


Dungeon Overview and Level Annotations

Branches:
Dungeon (1/1)

Altars:
Cheibriados
Dithmenos
Elyvilon
Fedhas
Gozag
Hepliaklqana
Kikubaaqudgha
Makhleb
Nemelex Xobeh
Okawaru
Qazlal
Ru
Sif Muna
Trog
Uskayaw
Vehumet
Wu Jian
Xom
Yredelemnul
Zin
The Shining One
Beogh
Jiyva
Lugonu


Innate Abilities, Weirdness & Mutations

You have large cloven feet.
You are partially covered in icy blue scales. (AC +2)
You regenerate a little health from kills.


Message History

An orc comes into view. It is wielding a +0 dagger.
Casting: Stone Arrow (safe; 1% risk of failure)
Confirm with . or Enter, or press ? or * to list all spells.
Aiming: Stone Arrow (safe; 1% risk of failure)
Press: ? - help, Shift-Dir - straight line, f/p - orc high priest
Aim: an orc high priest, wielding a +0 halberd and wearing a +0 ring mail (lightly wounded, 71% to hit)
The stone arrow hits the orc high priest!
The orc high priest is moderately wounded.
The orc high priest hits you from afar with a +0 halberd!
The orc high priest prays to Beogh.
Aiming: Sandblast (safe; 1% risk of failure)
Press: ? - help, Q - select action, (/) - cycle Shift-Dir - straight line, f/p - orc high priest
Aim: an orc high priest, wielding a +0 halberd and wearing a +0 ring mail (moderately wounded, 80% to hit)
Okay, then.
Unknown command.
Casting: Sandblast (safe; 1% risk of failure)
Confirm with . or Enter, or press ? or * to list all spells.
Aiming: Stone Arrow (safe; 1% risk of failure)
Press: ? - help, Shift-Dir - straight line, f - orc, p - orc high priest
Aim: an orc, wielding a +0 hand axe and wearing a +0 ring mail (77% to hit)
The stone arrow hits the orc high priest!
The orc high priest is severely wounded.
The orc high priest mumbles some strange prayers to Beogh.
The sun demon hits you!
You are engulfed in flames!!
The ice devil barely misses you.
Unknown command.
The sixfirhy hits you. The sixfirhy shocks you!
* * * LOW HITPOINT WARNING * * *
The sixfirhy barely misses you.
Unknown command.
Unknown command.
The sixfirhy hits you.
* * * LOW HITPOINT WARNING * * *
The sixfirhy shocks you!
* * * LOW HITPOINT WARNING * * *
The sixfirhy closely misses you. The sixfirhy completely misses you.
The sixfirhy hits you.
* * * LOW HITPOINT WARNING * * *
The sixfirhy shocks you!
You die...

♣..###)#)###'##.$
.♣.#..........#.)
.♣.).⌠........#o###
...#...######)#o$$#
...#.⌠.#__#...#o###########
...#...#__#...#3o4.#.#. ..
...#)###__#...##.#).#.# .#
...#...#__#...'##3#.#.##.#
...#___#__'...#.@.#..#..#
▓▓▓▓▓▓▓▓▓▓▓▓▓▓▓▓▓▓▓▓▓▓▓▓▓


You could see a sixfirhy (summoned).

Vanquished Creatures
  A deep elf pyromancer (D)
  An orc sorcerer (D)
  A shadow (D)
  A spatial vortex (D)
  A necrophage (D)
  4 two-headed ogres (D)
  A water elemental (D)
  A jelly (D)
  Crazy Yiuf (D)
  A wizard (D)
  Jessica (D)
  A necromancer (D)
  An orc wizard (D)
  A kobold demonologist (D)
  3 humans (D)
  2 orcs (D)
  An endoplasm (D)
  A rat (D)
24 creatures vanquished.

Notes
Turn   | Place    | Note
-------+----------+-------------------------------------------
     0 | D        | MikeHunt the Demonspawn Earth Elementalist began the quest
                  | for the Orb.
     0 | D        | Reached XP level 1. HP: 13/13 MP: 3/3
    48 | D        | Noticed Jessica
    49 | D        | Killed Jessica
    50 | D        | Gained mutation: You have large cloven feet. [demonic
                  | ancestry]
    50 | D        | Reached XP level 2. HP: 19/19 MP: 4/7
    66 | D        | Noticed Crazy Yiuf
    75 | D        | Killed Crazy Yiuf
    76 | D        | Reached skill level 5 in Spellcasting
    76 | D        | Reached skill level 5 in Earth Magic
    76 | D        | Reached XP level 3. HP: 24/24 MP: 0/9
   162 | D        | Learned a level 3 spell: Stone Arrow
   180 | D        | Gained mutation: You regenerate a little health from kills.
                  | [demonic ancestry]
   180 | D        | Reached XP level 4. HP: 24/30 MP: 2/11
   237 | D        | Noticed a water elemental
   240 | D        | Killed a water elemental
   241 | D        | Reached skill level 5 in Conjurations
   297 | D        | Found a radiant altar of Vehumet.
   297 | D        | Found a shimmering blue altar of Sif Muna.
   297 | D        | Found an ancient bone altar of Kikubaaqudgha.
   297 | D        | Noticed a wizard
   299 | D        | Killed a wizard
   300 | D        | Reached XP level 5. HP: 35/35 MP: 5/13
   308 | D        | Became a worshipper of Sif Muna the Loreminder
   377 | D        | Found a shadowy altar of Dithmenos.
   377 | D        | Noticed a necrophage
   379 | D        | Killed a necrophage
   381 | D        | Gained mutation: You are partially covered in icy blue
                  | scales. (AC +2) [demonic ancestry]
   381 | D        | Reached XP level 6. HP: 41/41 MP: 8/15
   381 | D        | Found a basalt altar of Yredelemnul.
   381 | D        | Found a sacrificial altar of Ru.
   439 | D        | Reached * piety under Sif Muna
   440 | D        | Reached skill level 5 in Invocations
   452 | D        | Noticed a deep elf pyromancer
   455 | D        | Killed a deep elf pyromancer
   456 | D        | Reached skill level 5 in Fighting
   456 | D        | Reached skill level 5 in Dodging
   456 | D        | Reached XP level 7. HP: 34/58 MP: 7/17
   524 | D        | Learned a level 2 spell: Blink
   578 | D        | Found a hide-covered altar of Uskayaw.
   578 | D        | Found an iron altar of Okawaru.
   578 | D        | Found a bloodstained altar of Trog.
   578 | D        | Found an ornate altar of the Wu Jian Council.
   578 | D        | Noticed a human
   580 | D        | Noticed a human
   581 | D        | Killed a human
   587 | D        | Killed a human
   588 | D        | Reached XP level 8. HP: 37/67 MP: 10/18
   734 | D        | Reached ** piety under Sif Muna
   763 | D        | Found a blossoming altar of Fedhas.
   763 | D        | Found a stormy altar of Qazlal.
   763 | D        | Found a snail-covered altar of Cheibriados.
   763 | D        | Found a burning altar of Makhleb.
   763 | D        | Found a shimmering altar of Xom.
   766 | D        | Found a hazy altar of Hepliaklqana.
   766 | D        | Found an opulent altar of Gozag.
   766 | D        | Found a sparkling altar of Nemelex Xobeh.
   766 | D        | Found a corrupted altar of Lugonu.
   766 | D        | Found a viscous altar of Jiyva.
   941 | D        | Reached *** piety under Sif Muna
   942 | D        | Reached skill level 5 in Translocations
  1065 | D        | Noticed a two-headed ogre
  1079 | D        | Killed a two-headed ogre
  1234 | D        | Noticed an orc sorcerer
  1239 | D        | Killed an orc sorcerer
  1239 | D        | Reached **** piety under Sif Muna
  1240 | D        | Reached skill level 10 in Fighting
  1240 | D        | Reached skill level 10 in Dodging
  1240 | D        | Reached XP level 9. HP: 78/78 MP: 7/19
  1242 | D        | Noticed an orc high priest
  1248 | D        | Noticed an ice devil
  1248 | D        | Noticed a sun demon
  1249 | D        | Noticed a sixfirhy
  1250 | D        | HP: 3/78 [sixfirhy[an orc high priest] (4)]
  1250 | D        | Mangled by a sixfirhy

Illustrated notes

Levels and vault maps discovered:
D:        dungeon_sprint_mu [sprint_mu_entry_forest, sprint_mu_temple_rooms,
          sprint_mu_d1_spiders, sprint_mu_d2_genie, sprint_mu_d3_branching,
          sprint_mu_orc_legion, sprint_mu_elf_gauntlet, sprint_mu_hive_nellie,
          sprint_mu_lair_fedhas, sprint_mu_vaults_butterflies,
          sprint_mu_slime_circle, sprint_mu_shoals_kraken,
          sprint_mu_snake_twists, sprint_mu_blade_basic,
          sprint_mu_crypt_chambers, sprint_mu_tomb_spiral,
          sprint_mu_vestibule_basic, sprint_mu_gehenna_hellfire,
          sprint_mu_dis_giant, sprint_mu_tartarus_statrot,
          sprint_mu_cocytus_islands, sprint_mu_zot1]

Skill      XL: |  1  2  3  4  5  6  7  8 |
---------------+-------------------------+-----
Earth Magic    | 4 5 6 7 |  7.0
Spellcasting   | 4 5 6 7 |  7.0
Conjurations   | 2 5 7 |  7.0
Invocations    | 4 8 |  8.0
Fighting       | 6 7 10 | 10.0
Dodging        | 6 10 | 10.0
Translocations | 3 5 |  5.0
Stealth        | |  1.7
Transmutations | |  0.8

Action                   |  1- 3 |  4- 6 |  7- 9 || total
-------------------------+-------+-------+-------++-------
 Cast: Sandblast         |    17 |     5 |     3 ||    25
       Stone Arrow       |       |     7 |    34 ||    41
       Blink             |       |       |     2 ||     2
Invok: Channel Magic     |       |       |     2 ||     2
  Use: Scroll            |     2 |       |       ||     2
Dodge: Dodged            |     4 |       |    11 ||    15

Table legend: (Time is in decaauts)
 A = Elapsed time spent in this place.
 B = Non-inter-level travel time spent in this place.
 C = Inter-level travel time spent in this place.
 D = Time resting spent in this place.
 E = Time spent auto-exploring this place.
 F = Levels seen in this place.
 G = Mean time per level.
                   A        B        C        D        E       F      G
               +--------+--------+--------+--------+--------+-----+--------+
         Total |   1250 |   1250 |      0 |    929 |      0 |   1 | 1250.0 |
       Dungeon |   1250 |   1250 |      0 |    929 |      0 |   1 | 1250.0 |
               +--------+--------+--------+--------+--------+-----+--------+

Top non-repeatable levels by time:
       D: 1250 daAuts
